 Dungeon Crawl Stone Soup version 0.31.0-32-g396128a36d (webtiles) character file.

Game seed: 4988469653070186453

339323 Yoho the Slayer (level 21, -25/156 (205) HPs)
             Began as a Minotaur Berserker on Mar 16, 2024.
             Was a High Priest of Trog.
             Killed from afar by a shadow dragon (61 damage)
             ... with a bolt of negative energy
             ... on level 5 of the Vaults on Mar 17, 2024.
             The game lasted 06:02:31 (62243 turns).

Yoho the Slayer (Minotaur Berserker)               Turns: 62243, Time: 06:02:31

HP:   -25/156 (205) AC: 35    Str: 30    XL:     21   Next: 4%
MP:   20/20         EV: 16    Int:  4    God:    Trog [*****.]
Gold: 1566          SH: 21    Dex: 14    Spells: 20/20 levels left

rFire   . . .        e - +7 war axe (freeze)
rCold   + + .        f - +2 kite shield {rPois}
rNeg    . . .        r - +15 Maxwell's patent armour {-Cast -Tele rElec Will+ rCorr}
rPois   +            (helmet restricted)
rElec   +            I - +0 cloak
rCorr   +            U - +2 pair of gloves {Dex+3}
SInv    .            (no boots)
Will    +++++        O - amulet of reflection Stlth
                     t - ring "Aroilay" {Fly rElec Will++ Int-2}
HPRegen 1.46/turn    D - ring "Fipnuj" {Fly rC++}
MPRegen 0.17/turn

%: no teleportation, no spellcasting, reflection
@: strong-willed, flying, regenerating, heavily drained
A: horns 2, retaliatory headbutt, hooves 1, deformed body, (teleportitis 1),
subdued magic 1
}: 2/15 runes: serpentine, barnacled
a: Renounce Religion, Berserk, Trog's Hand, Brothers in Arms


You were on level 5 of the Vaults.
You worshipped Trog.
Trog was extremely pleased with you.
You visited 6 branches of the dungeon, and saw 35 of its levels.
You visited the Abyss 1 time.

You collected 4150 gold pieces.
You spent 2584 gold pieces at shops.

Inventory:

Hand Weapons
 e - a +7 war axe of freezing (weapon)
 Q - a +7 heavy hand axe
Armour
 f - a +2 kite shield of poison resistance (worn)
 r - the +15 Maxwell's patent armour (worn) {-Cast -Tele rElec Will+ rCorr}
   (You found it on level 2 of the Shoals)

   rElec:     It insulates you from electricity.
   Will+:     It increases your willpower.
   -Cast:     It prevents spellcasting.
   -Tele:     It prevents most forms of teleportation.
   rCorr:     It protects you from acid and corrosion.
 A - a +2 kite shield of fire resistance
 I - a +0 cloak (worn)
 U - a +2 pair of gloves of dexterity (worn)
 V - a +2 buckler of poison resistance
 Z - a +2 plate armour of willpower
Jewellery
 b - a ring of see invisible
 k - a +6 ring of strength
 m - a ring of fire
 t - the ring "Aroilay" (left hand) {Fly rElec Will++ Int-2}
   (You bought it in a shop on level 9 of the Dungeon)

   [ring of flight]

   Int-2:     It affects your intelligence (-2).
   rElec:     It insulates you from electricity.
   Will++:    It greatly increases your willpower.
   Fly:       It grants you flight.
 D - the ring "Fipnuj" (right hand) {Fly rC++}
   (You bought it in a shop on level 1 of the Vaults)

   [ring of flight]

   rC++:      It greatly protects you from cold.
   Fly:       It grants you flight.
 O - an amulet of reflection (around neck)
Wands
 g - a wand of roots (4)
 q - a wand of polymorph (23)
 L - a wand of quicksilver (4)
 M - a wand of mindburst (5)
 P - a wand of paralysis (14)
 R - a wand of digging (15)
Scrolls
 c - 18 scrolls of teleportation
 o - 2 scrolls of brand weapon
 p - 6 scrolls of enchant weapon
 y - 2 scrolls of fog
 B - 11 scrolls of revelation
 C - a scroll of butterflies
 G - 2 scrolls of enchant armour
 H - a scroll of vulnerability
 K - a scroll of poison
 N - 5 scrolls of blinking
 S - a scroll of silence
 W - 2 scrolls of fear
Potions
 a - a potion of invisibility
 h - 5 potions of curing
 i - 2 potions of haste
 l - 6 potions of mutation
 n - 3 potions of might
 u - 5 potions of cancellation
 v - a potion of resistance
 w - a potion of attraction
 E - 6 potions of ambrosia
 X - a potion of enlightenment
 Y - 2 potions of lignification
Miscellaneous
 j - a tin of tremorstones (2/2)
 z - a sack of spiders (inert)
 J - a phial of floods
 T - a lightning rod (1/4) (quivered)


   Skills:
 + Level 21.4 Fighting
 - Level 18.0 Axes
 + Level 20.5 Armour
 + Level 18.8 Dodging
 + Level 16.2 Shields
 - Level 15.0 Evocations


You had 20 spell levels left.
You didn't know any spells.
Your spell library was empty.

Dungeon Overview and Level Annotations

Branches:
Dungeon (15/15)            Temple (0/1) D:6            Lair (5/5) D:8
 Shoals (4/4) Lair:3        Snake (4/4) Lair:3        Slime (0/5) Lair:4
    Orc (2/2) D:11            Elf (0/3) Orc:2        Vaults (5/5) D:14
  Crypt (0/3) Vaults:2     Depths (0/4) D:15

Altars:
Ashenzari
Cheibriados
Elyvilon
Fedhas
Makhleb
Okawaru
Uskayaw
Vehumet
Xom
Yredelemnul
Zin
The Shining One

Shops:
D:3 =   D:5 [   D:6 (   D:9 =[   Orc:2 ([::   Shoals:1 [**(   Shoals:3 :
Shoals:4 ![*(   Snake:1 [   Snake:2 !   Vaults:1 =   Vaults:3 [

Portals:
Abyss: D:7
Trove: Vaults:1 (give 12 potions of heal wounds)

Annotations:
D:8 2 runed translucent doors
D:12 2 runed translucent doors, Ytoa's ghost, journeyman TrMo
D:15 2 transporters, Nuet's ghost, journeyman BaHu
Shoals:1 2 transporters, Roxanne; popps's ghost, adept GrFi
Snake:1 2 transporters, exclusion: obsidian statue
Vaults:1 3 runed translucent doors, tymior's ghost, adept KoEn


Innate Abilities, Weirdness & Mutations

You have a pair of horns on your head.
You reflexively headbutt those who attack you in melee.
You have large cloven feet.
Armour fits poorly on your strangely shaped body.
((You are occasionally teleported next to monsters.))
Your spells are a little easier to cast, but a little less powerful.


Message History

Your headbutt misses the shadow dragon.
The shadow dragon is moderately wounded.
You hit the shadow dragon. You barely miss the ironbound convoker.
The shadow dragon breathes negative energy at you.
The bolt of negative energy hits you.
You feel drained.
* * * LOW HITPOINT WARNING * * *
You block the shadow dragon's attack.
The shadow dragon completely misses you.
The shadow dragon misses you.
The ironbound convoker gestures at the shadow dragon while chanting.
The shadow dragon seems to grow stronger.
You barely miss the ironbound convoker.
Your kick misses the ironbound convoker.
The ironbound convoker is moderately wounded.
You hit the shadow dragon but do no damage.
You completely miss the shadow dragon. The shadow dragon bites you.
* * * LOW HITPOINT WARNING * * *
You feel drained.
* * * LOW HITPOINT WARNING * * *
You block the shadow dragon's attack. The shadow dragon claws you.
* * * LOW HITPOINT WARNING * * *
You block the shadow dragon's attack. The shadow dragon claws you!
* * * LOW HITPOINT WARNING * * *
The shadow dragon claws you but does no damage.
You block the ironbound convoker's attack.
The shadow dragon attacks as it pursues you!
You block the shadow dragon's attack. x2
The shadow dragon claws you but does no damage.
The shadow dragon attacks as it pursues you!
You block the shadow dragon's attack. x2; The shadow dragon claws you!
* * * LOW HITPOINT WARNING * * *
You block the shadow dragon's attack. The shadow dragon closely misses you.
The shadow dragon claws you but does no damage.
The ironbound convoker hits you with a +0 morningstar!
* * * LOW HITPOINT WARNING * * *
You feel much better.
You block the shadow dragon's attack. x2
The shadow dragon misses you.
The shadow dragon breathes negative energy at you.
The bolt of negative energy hits you!!!
You feel drained.
You die...

.# .# #.. .# .. #....#
.## .... #....# ?.###
....# #....###....###
....##....##........
#...#...§#D@#
#.....§§.pD#
#######...§§§§§#####
..........§§§†§§§.....
.........<§§§§§§§.....
..........<§§§........
........)[§§§§[.......
######.^.......######
...#...............


You could see 2 shadow dragons and an ironbound convoker.

Vanquished Creatures
  A dread lich (Abyss:3)
  Bai Suzhen (Vaults:3)
  2 golden dragons (Vaults:5)
  Nikola (Snake:3)
  A bone dragon (Vaults:2)
  Asterion (Vaults:3)
  6 sphinxes
  Polyphemus (Shoals:3)
  2 tentacled starspawn (Abyss:3)
  Frances (D:13)
  A tengu reaver (Vaults:2)
  Aizul (Snake:2)
  7 nagarajas (Snake:4)
  The ghost of Lemonizer the Cardsharp, a journeyman NaAl of Nemelex Xobeh (Lair:1)
  3 frost giants
  Ilsuiw (Shoals:2)
  10 vault wardens
  Louise (Shoals:1)
  A cacodemon (Abyss:3)
  2 orc warlords
  11 ironbound thunderhulks
  11 ironbound preservers
  An ophan (Abyss:3)
  2 stone giants
  5 formless jellyfish
  13 dire elephants
  2 war gargoyles (Vaults:4)
  Azrael (D:12)
  A crystal guardian (Vaults:3)
  5 ettins
  8 yaktaur captains
  26 vault guards
  12 merfolk impalers
  6 merfolk javelineers
  2 rakshasas (D:15)
  3 catoblepae
  2 entropy weavers
  2 hydras
  An ogre mage (D:14)
  4 peacekeepers
  A satyr (Shoals:3)
  14 anacondas
  A great orb of eyes (Vaults:1)
  7 ironbound frosthearts
  8 merfolk aquamancers (Shoals:4)
  Erica (D:11)
  A death knight (D:14)
  2 merfolk avatars (Shoals:4)
  10 centaur warriors
  6 boulder beetles
  4 alligator snapping turtles (Shoals:4)
  17 naga warriors
  7 two-headed ogres
  2 death yaks (Shoals:3)
  4 naga sharpshooters
  3 tengu warriors
  A thrashing horror (Abyss:3)
  A deep elf knight (Vaults:1)
  3 shock serpents (Snake:4)
  A shock serpent (shapeshifter) (Vaults:1)
  4 salamander mystics (Snake:4)
  2 orc high priests (Orc:2)
  Nergalle (D:11)
  2 wretched stars (Abyss:3)
  2 skysharks
  A fire crab (shapeshifter) (Vaults:4)
  3 sixfirhies (Abyss:3)
  8 skeletal warriors
  A deep troll (shapeshifter) (Vaults:5)
  Lodul (D:10)
  31 deep trolls
  16 sea snakes
  12 mana vipers
  6 arcanists
  A glowing orange brain (D:14)
  5 naga ritualists
  A phantasmal warrior (Vaults:4)
  5 lindwurms
  A harpy (shapeshifter) (D:14)
  18 harpies
  18 ironbound convokers
  2 necromancers
  2 orc knights
  4 deep elf pyromancers
  5 orc sorcerers
  10 salamanders
  2 worldbinders (Abyss:3)
  10 fauns
  16 ugly things
  15 manticores
  15 cyclopes
  12 elephants
  3 centaur zombies
  6 kobold blastminers (Orc:2)
  7 water nymphs
  2 apocalypse crabs (Abyss:3)
  An eye of devastation (D:8)
  Joseph (D:7)
  A water nymph (shapeshifter) (Vaults:5)
  A gargoyle (D:13)
  An orange demon (Abyss:3)
  15 vault sentinels
  6 cane toads
  A smoke demon (Abyss:3)
  30 naga magi
  A black mamba (shapeshifter) (D:15)
  36 black mambas
  8 merfolk sirens
  6 guardian serpents
  A torpor snail (Lair:4)
  2 large abominations (Abyss:3)
  3 rime drakes
  A komodo dragon (shapeshifter) (D:14)
  4 tengu conjurers
  24 yaktaurs
  Psyche (D:11)
  An efreet (Abyss:3)
  A guardian mummy (Vaults:1)
  4 kobold demonologists
  6 komodo dragons
  A freezing wraith (D:10)
  2 ancient zymes
  6 hornets
  10 polar bears
  A queen bee (shapeshifter) (D:14)
  A wolf spider simulacrum (D:14)
  A polar bear (shapeshifter) (D:14)
  7 wind drakes
  26 merfolk
  5 trolls
  A tarantella (shapeshifter) (D:15)
  The ghost of seawaffle the Changeling, an amateur DsSh (D:7)
  22 blink frogs
  27 slime creatures
  13 dream sheep
  9 raiju (Abyss:3)
  A jumping spider (shapeshifter) (D:14)
  13 snapping turtles
  A centaur simulacrum (D:15)
  A shadow (Abyss:3)
  2 spriggans (shapeshifter)
  12 water elementals
  10 spriggans (Lair:5)
  A vampire (D:12)
  5 wyverns
  3 wraiths
  A naga simulacrum (Abyss:3)
  52 yaks
  2 ynoxinuls (Abyss:3)
  5 basilisks
  3 fire bats (Abyss:3)
  5 starcursed masses (Abyss:3)
  A human (shapeshifter) (D:14)
  2 neqoxecs (Abyss:3)
  3 fire elementals (D:12)
  4 wargs
  4 redbacks
  13 vampire mosquitoes
  2 small abominations (D:7)
  72 nagas
  An acid dragon (D:11)
  4 hell hounds (D:12)
  12 water moccasins
  3 black bears
  2 laughing skulls (Abyss:3)
  31 orc warriors
  A swamp drake (D:11)
  9 ice beasts
  2 sky beasts
  5 boggarts
  A tengu (D:7)
  39 wolves
  11 ogres
  13 centaurs
  2 phantoms
  14 bullfrogs
  2 brain worms (Abyss:3)
  5 kobold brigands
  A gnoll sergeant (D:10)
  A scorpion (D:5)
  A wight (D:8)
  3 howler monkeys
  A crimson imp (D:6)
  3 bombardier beetles
  2 jellies
  A quasit (D:7)
  4 hounds
  17 orc priests
  An iron imp (Abyss:3)
  Ijyb (D:5)
  4 iguanas
  2 sleepcaps
  23 orc wizards
  A boggart zombie (D:15)
  Natasha (thrice) (D:2)
  4 adders
  7 gnolls
  2 white imps
  An ufetubus (Abyss:3)
  A dart slug (D:4)
  A ribbon worm (D:4)
  94 orcs
  4 bats
  4 endoplasms
  2 giant cockroaches
  5 goblins (D:2)
  5 hobgoblins
  11 jackals
  9 kobolds
  6 quokkas
  8 ball pythons
  3 frilled lizards
  6 rats
  2 spectral weapons (Vaults:3)
  2 starspawn tentacles (Abyss:3)
1417 creatures vanquished.

Vanquished Creatures (collateral kills)
  A sphinx (Vaults:4)
  A war gargoyle (Vaults:4)
  A yaktaur captain (Vaults:4)
  A vault guard (Vaults:5)
  A naga sharpshooter (Snake:1)
  An ironbound convoker (Vaults:4)
  A salamander (Snake:1)
  An ugly thing (Vaults:1)
  A black mamba (Snake:1)
  A basilisk (Lair:5)
  A naga (Snake:1)
  A centaur (D:13)
12 creatures vanquished.

Vanquished Creatures (others)
  A fire giant (Vaults:5)
  A manticore (Shoals:2)
  A kobold blastminer (Orc:2)
  8 starspawn tentacles (Abyss:3)
11 creatures vanquished.

Grand Total: 1440 creatures vanquished

Notes
Turn   | Place    | Note
-------+----------+-------------------------------------------
     0 | D:1      | Yoho the Minotaur Berserker began the quest for the Orb.
     0 | D:1      | Reached XP level 1. HP: 19/19 MP: 0/0
   186 | D:1      | Reached XP level 2. HP: 26/27 MP: 1/1
   776 | D:2      | Found a faded altar of an unknown god.
   789 | D:2      | Reached skill level 4 in Fighting
   789 | D:2      | Reached XP level 3. HP: 33/33 MP: 2/2
  1165 | D:2      | Reached ** piety under Trog
  1224 | D:2      | Noticed Natasha
  1236 | D:2      | Killed Natasha
  1237 | D:2      | Reached XP level 4. HP: 26/40 MP: 3/3
  1432 | D:2      | Noticed Natasha
  1449 | D:2      | Killed Natasha
  1499 | D:2      | Noticed Natasha
  1514 | D:2      | Killed Natasha
  1515 | D:2      | Reached skill level 5 in Axes
  2269 | D:3      | Reached XP level 5. HP: 47/47 MP: 4/4
  2276 | D:3      | Found Ire Qat's Jewellery Emporium.
  2441 | D:3      | Found a glowing golden altar of the Shining One.
  2836 | D:4      | Found a blossoming altar of Fedhas.
  3025 | D:4      | Noticed a phantom
  3036 | D:4      | Killed a phantom
  3037 | D:4      | Reached skill level 1 in Evocations
  3037 | D:4      | Reached XP level 6. HP: 45/53 MP: 5/5
  3626 | D:5      | Entered Level 5 of the Dungeon
  3701 | D:5      | Noticed an ice beast
  3727 | D:5      | Killed an ice beast
  3728 | D:5      | Reached skill level 5 in Fighting
  3918 | D:5      | Noticed an ice beast
  3942 | D:5      | Killed an ice beast
  3943 | D:5      | Reached XP level 7. HP: 49/61 MP: 6/6
  4299 | D:5      | Found Fugenn's Armour Shop.
  4488 | D:5      | Reached *** piety under Trog
  4499 | D:5      | Noticed Ijyb
  4515 | D:5      | Reached skill level 6 in Fighting
  4525 | D:5      | Killed Ijyb
  5202 | D:5      | Reached XP level 8. HP: 65/70 MP: 7/7
  5340 | D:6      | Found a broken altar of Ashenzari.
  5609 | D:6      | Found Pog Muw's Weapon Shoppe.
  5744 | D:6      | Found a radiant altar of Vehumet.
  5863 | D:6      | Found a burning altar of Makhleb.
  5864 | D:6      | Found a shimmering altar of Xom.
  6010 | D:6      | Found a staircase to the Ecumenical Temple.
  6294 | D:7      | Reached skill level 7 in Fighting
  6380 | D:7      | Found a transporter.
  6436 | D:7      | Noticed a kobold demonologist
  6442 | D:7      | Killed a kobold demonologist
  6443 | D:7      | Reached skill level 10 in Axes
  6444 | D:7      | Reached XP level 9. HP: 79/79 MP: 8/8
  6446 | D:7      | Noticed Joseph
  6468 | D:7      | Killed Joseph
  6511 | D:7      | Noticed an ancient zyme
  6531 | D:7      | Noticed seawaffle's ghost (amateur DsSh)
  6535 | D:7      | Found a one-way gate to the infinite horrors of the Abyss.
  6556 | D:7      | Reached skill level 8 in Fighting
  6632 | D:7      | Reached skill level 5 in Evocations
  6639 | D:7      | Found a transporter.
  6887 | D:7      | Noticed Maurice
  6893 | D:7      | Maurice changed into Maurice the tengu
  6893 | D:7      | Noticed Maurice
  6901 | D:7      | Killed Maurice the tengu
  6902 | D:7      | Reached skill level 1 in Shields
  7419 | D:8      | Reached skill level 5 in Armour
  7465 | D:8      | Found a large runed translucent door.
  7467 | D:8      | Found a large runed translucent door.
  7469 | D:8      | Noticed a centaur warrior
  7474 | D:8      | Found a large runed translucent door.
  7474 | D:8      | Found a large runed translucent door.
  7500 | D:8      | Noticed a centaur warrior
  7509 | D:8      | Killed a centaur warrior
  7509 | D:8      | Reached **** piety under Trog
  7510 | D:8      | Reached skill level 5 in Dodging
  7510 | D:8      | Reached XP level 10. HP: 87/90 MP: 9/9
  7518 | D:8      | Reached skill level 9 in Fighting
  7545 | D:8      | Paralysed by a hornet for 3 turns
  7553 | D:8      | Paralysed by a hornet for 2 turns
  7805 | D:8      | Noticed a two-headed ogre
  7814 | D:8      | Killed a two-headed ogre
  7863 | D:8      | Noticed a cane toad
  7913 | D:8      | an unseen horror changed into a meliai
  7913 | D:8      | Noticed a meliai (shapeshifter)
  7965 | D:8      | Found a staircase to the Lair.
  8111 | D:8      | Reached skill level 5 in Shields
  8220 | D:8      | a human changed into a black mamba
  8220 | D:8      | Noticed a black mamba (shapeshifter)
  8281 | D:8      | Noticed a cane toad
  8299 | D:8      | a cane toad changed into a fire crab
  8299 | D:8      | Noticed a fire crab (shapeshifter)
  8315 | D:7      | Found a transporter.
  8326 | D:7      | Found a one-way gate to the infinite horrors of the Abyss.
  8347 | D:7      | Killed seawaffle's ghost
  8355 | D:7      | Reached XP level 11. HP: 34/99 MP: 10/10
  8633 | D:7      | Found a transporter.
  8940 | D:8      | a centaur warrior changed into an eye of devastation
  9139 | D:9      | Reached skill level 10 in Fighting
  9295 | D:9      | Noticed a two-headed ogre
  9307 | D:9      | Killed a two-headed ogre
  9400 | D:9      | Noticed a two-headed ogre
  9408 | D:9      | Killed a two-headed ogre
  9839 | D:9      | Found Bepube's Armour Shoppe.
  9928 | D:9      | Found Plog's Jewellery Emporium.
 10125 | D:10     | Entered Level 10 of the Dungeon
 10212 | D:10     | Found a white marble altar of Elyvilon.
 10294 | D:10     | Reached ***** piety under Trog
 10386 | D:10     | Noticed Lodul
 10394 | D:10     | Killed Lodul
 10633 | D:10     | Found a hide-covered altar of Uskayaw.
 10646 | D:10     | Noticed a sun demon
 10669 | D:10     | Noticed a soul eater
 10684 | D:10     | Noticed a skeletal warrior
 10706 | D:10     | Killed a skeletal warrior
 10981 | D:10     | Noticed a tengu warrior
 10991 | D:10     | Killed a tengu warrior
 10992 | D:10     | Reached skill level 11 in Fighting
 10992 | D:10     | Reached skill level 15 in Axes
 11003 | D:10     | Reached XP level 12. HP: 99/110 MP: 11/11
 11073 | D:10     | Found a basalt altar of Yredelemnul.
 11156 | D:10     | Found a glowing silver altar of Zin.
 11309 | D:10     | Found a snail-covered altar of Cheibriados.
 11796 | Lair:1   | Entered Level 1 of the Lair of Beasts
 11893 | Lair:1   | Received a gift from Trog
 12468 | Lair:1   | Noticed a catoblepas
 12496 | Lair:1   | Killed a catoblepas
 12949 | Lair:1   | Found a runed translucent door.
 12949 | Lair:1   | Noticed Lemonizer's ghost (journeyman NaAl)
 13927 | Lair:2   | Reached skill level 12 in Fighting
 14046 | Lair:2   | Received a gift from Trog
 14061 | Lair:2   | Reached skill level 10 in Armour
 14201 | Lair:2   | Reached XP level 13. HP: 118/118 MP: 4/12
 15317 | Lair:3   | Identified the +7 shortbow "Laask" {freeze, rN+ Will+
                  | Int-4}
 15339 | Lair:3   | Found a staircase to the Shoals.
 15454 | Lair:3   | Found a staircase to the Snake Pit.
 16252 | Lair:3   | Gained mutation: Armour fits poorly on your strangely
                  | shaped body. [potion of mutation]
 16252 | Lair:3   | Gained mutation: You have large cloven feet. [potion of
                  | mutation]
 16537 | Lair:4   | Found a staircase to the Slime Pits.
 17683 | Lair:5   | Entered Level 5 of the Lair of Beasts
 17762 | Lair:5   | Received a gift from Trog
 18079 | Lair:5   | Reached skill level 13 in Fighting
 18079 | Lair:5   | Reached skill level 10 in Shields
 18419 | Lair:5   | Reached XP level 14. HP: 128/129 MP: 13/13
 18437 | Lair:5   | Reached skill level 10 in Dodging
 18743 | Lair:5   | Received a gift from Trog
 19631 | D:11     | Noticed Erica
 19638 | D:11     | Killed Erica
 19725 | D:11     | Noticed Nergalle
 19732 | D:11     | Killed Nergalle
 19953 | D:11     | Noticed Psyche
 19956 | D:11     | Killed Psyche
 20281 | D:11     | Found a staircase to the Orcish Mines.
 20428 | Orc:1    | Entered Level 1 of the Orcish Mines
 21236 | Orc:2    | Entered Level 2 of the Orcish Mines
 21336 | Orc:2    | Reached ****** piety under Trog
 22009 | Orc:2    | Received a gift from Trog
 22031 | Orc:2    | Noticed an orc warlord
 22053 | Orc:2    | Killed an orc warlord
 22194 | Orc:2    | Found a staircase to the Elven Halls.
 22481 | Orc:2    | Found Zugh's Antique Armour Emporium.
 22483 | Orc:2    | Found Umorchinu's Antique Weapon Shoppe.
 22546 | Orc:2    | Found Vainocem's Book Emporium.
 22830 | Orc:2    | Found Rutown's Book Boutique.
 23780 | D:12     | Noticed Azrael
 23787 | D:12     | Killed Azrael
 23788 | D:12     | Reached skill level 14 in Fighting
 24157 | D:12     | Found a large runed translucent door.
 24157 | D:12     | Found a large runed translucent door.
 24162 | D:12     | Noticed Ytoa's ghost (journeyman TrMo)
 24633 | D:13     | Reached XP level 15. HP: 102/138 MP: 14/14
 25314 | D:14     | Found a gate to the Vaults.
 25429 | D:14     | Identified the +8 lajatang of Vas Leu {flame, *Noise Str+3
                  | Stlth+} (Trog gifted it to you on level 14 of the Dungeon)
 25429 | D:14     | Received a gift from Trog
 26191 | D:14     | Noticed a sphinx
 26201 | D:14     | Killed a sphinx
 26275 | D:14     | Reached skill level 15 in Fighting
 26819 | D:15     | Entered Level 15 of the Dungeon
 27447 | D:15     | Found a transporter.
 27451 | D:15     | Noticed Nuet's ghost (journeyman BaHu)
 27532 | D:15     | Found a glowing golden altar of the Shining One.
 27695 | D:15     | Found a transporter.
 28073 | D:15     | Received a gift from Trog
 28139 | D:15     | Found a staircase to the Depths.
 29398 | D:9      | Bought the ring "Aroilay" {Fly rElec Will++ Int-2} for 495
                  | gold pieces
 29398 | D:9      | Bought an amulet of guardian spirit for 360 gold pieces
 29819 | Snake:1  | Entered Level 1 of the Snake Pit
 30053 | Snake:1  | Found a transporter.
 30249 | Snake:1  | Reached XP level 16. HP: 142/149 MP: 13/15
 30724 | Snake:1  | Found Rijang's Antique Armour Emporium.
 30819 | Snake:1  | Received a gift from Trog
 31155 | Snake:1  | Identified the +0 cloak of Dishonour {*Corrode +Inv rElec}
 31276 | Snake:1  | Found a transporter.
 32027 | Snake:2  | Found Hellad's Distillery.
 32029 | Snake:2  | You are sucked into a shaft and drop 1 floor!
 32203 | Snake:2  | Reached skill level 10 in Evocations
 32438 | Snake:2  | Bought a potion of curing for 51 gold pieces
 32438 | Snake:2  | Bought a potion of lignification for 51 gold pieces
 32438 | Snake:2  | Bought a potion of curing for 51 gold pieces
 32438 | Snake:2  | Bought a potion of curing for 51 gold pieces
 32438 | Snake:2  | Bought a potion of curing for 51 gold pieces
 32459 | Snake:2  | Identified the serpent talisman of the Shining One's Hope
                  | {rF- rC+ rN+}
 32459 | Snake:2  | Noticed Aizul
 32487 | Snake:2  | Killed Aizul
 33444 | Snake:3  | Reached skill level 16 in Fighting
 33882 | Snake:3  | Identified the +0 war axe of Baimen {flame, ^Drain rPois
                  | rN+++ Str-4} (Trog gifted it to you on level 3 of the Snake
                  | Pit)
 33882 | Snake:3  | Received a gift from Trog
 33954 | Snake:3  | Reached skill level 15 in Armour
 34330 | Snake:3  | Noticed Nikola
 34341 | Snake:3  | Killed Nikola
 35307 | Snake:4  | Entered Level 4 of the Snake Pit
 36262 | Snake:4  | Reached XP level 17. HP: 149/159 MP: 16/16
 36545 | Snake:4  | Found a snail-covered altar of Cheibriados.
 38200 | Snake:4  | Reached skill level 17 in Fighting
 38203 | Snake:4  | Reached skill level 15 in Shields
 38443 | Snake:4  | Got a serpentine rune of Zot
 38466 | Snake:4  | Received a gift from Trog
 40576 | D:9      | Bought a ring of resist corrosion for 240 gold pieces
 41248 | Lair:1   | Killed Lemonizer's ghost
 41690 | Shoals:1 | Entered Level 1 of the Shoals
 41725 | Shoals:1 | Found a glacial archway.
 41824 | Shoals:1 | Noticed Roxanne
 41976 | Shoals:1 | Noticed Louise
 41988 | Shoals:1 | Killed Louise
 42433 | Shoals:1 | Found Satairhi's Visitors' Centre.
 42445 | Shoals:1 | Found Satairhi's Merfolk Armours.
 42445 | Shoals:1 | Found Satairhi's Merfolk Magic.
 42610 | Shoals:1 | Bought an amulet of reflection for 450 gold pieces
 42861 | Shoals:1 | Noticed popps's ghost (adept GrFi)
 42861 | Shoals:1 | Noticed a kraken
 42862 | Shoals:1 | Found a transporter.
 42916 | Shoals:1 | Found a transporter.
 43896 | Shoals:2 | Noticed Ilsuiw
 43912 | Shoals:2 | Reached skill level 15 in Dodging
 43912 | Shoals:2 | Killed Ilsuiw
 44467 | Shoals:2 | Found the +15 Maxwell's patent armour {-Cast -Tele rElec
                  | Will+ rCorr}
 44565 | Shoals:2 | Reached XP level 18. HP: 171/171 MP: 17/17
 45196 | Shoals:3 | Received a gift from Trog
 45263 | Shoals:3 | Reached skill level 18 in Fighting
 45696 | Shoals:3 | Found Taluil's Book Boutique.
 45730 | Shoals:3 | Noticed Polyphemus
 45744 | Shoals:3 | Killed Polyphemus
 46420 | Shoals:4 | Entered Level 4 of the Shoals
 46544 | Shoals:4 | Found Cyseod's Assorted Antiques.
 46734 | Shoals:4 | Received a gift from Trog
 47223 | Shoals:4 | Found Exanui's Magic Scroll Emporium.
 47262 | Shoals:4 | Got a barnacled rune of Zot
 47349 | Shoals:4 | Found Gimouf's Distillery.
 47358 | Shoals:4 | Bought a potion of heal wounds for 70 gold pieces
 47358 | Shoals:4 | Bought a potion of curing for 42 gold pieces
 47385 | Shoals:4 | Found Ufidos's Antique Armour Emporium.
 48449 | Shoals:4 | Found the +8 Vampire's Tooth {megavamp}
 49163 | Shoals:4 | Found Borhoonn's Antique Weapon Boutique.
 49255 | Shoals:4 | Found the crystal ball of Wucad Mu {*channel}
 50853 | D:13     | Noticed Frances
 50862 | D:13     | Killed Frances
 51093 | Vaults:1 | Entered Level 1 of the Vaults
 51517 | Vaults:1 | Found a runed translucent gate.
 51517 | Vaults:1 | Found a runed translucent gate.
 51518 | Vaults:1 | Found a runed translucent gate.
 51519 | Vaults:1 | Noticed tymior's ghost (adept KoEn)
 51785 | Vaults:1 | Reached skill level 19 in Fighting
 51924 | Vaults:1 | Found Issilac's Jewellery Shoppe.
 52145 | Vaults:1 | Bought the ring "Fipnuj" {Fly rC++} for 672 gold pieces
 52160 | Vaults:1 | Received a gift from Trog
 52298 | Vaults:1 | Reached XP level 19. HP: 164/182 MP: 18/18
 53242 | Vaults:1 | Found a portal to a secret trove of treasure.
 53348 | Vaults:1 | Found an iron altar of Okawaru.
 53348 | Vaults:1 | Found the +3 Mad Mage's Maulers {Infuse+∞ VampMP -Cast}
 53436 | Vaults:2 | Received a gift from Trog
 53698 | Vaults:2 | Noticed a bone dragon
 53854 | Vaults:2 | Killed a bone dragon
 54417 | Vaults:2 | Found a staircase to the Crypt.
 54425 | Vaults:2 | Identified the +2 robe of the Journeyman {Dex+2}
 55835 | Vaults:3 | Identified the +0 broad axe of Wounding {flame, rPois rC+}
                  | (Trog gifted it to you on level 3 of the Vaults)
 55835 | Vaults:3 | Received a gift from Trog
 56439 | Vaults:3 | Noticed Asterion
 56450 | Vaults:3 | Killed Asterion
 56752 | Vaults:3 | Reached skill level 20 in Fighting
 57305 | Vaults:3 | Found Abotoafu's Armour Shop.
 57340 | Vaults:3 | Identified the +5 falchion of Extinguishment {freeze,
                  | Str+3}
 57393 | Vaults:3 | Noticed Bai Suzhen
 57445 | Vaults:3 | Killed Bai Suzhen
 58172 | Vaults:3 | Reached XP level 20. HP: 115/193 MP: 19/19
 58661 | Vaults:4 | Identified the +2 robe "Woloidum" {rN+ MP+9}
 58798 | Vaults:4 | Received a gift from Trog
 59405 | Vaults:4 | Paralysed by a formless jellyfish for 1 turns
 60007 | Vaults:4 | Received a gift from Trog
 60116 | Abyss:3  | Cast into level 3 of the Abyss (vault warden)
 60227 | Abyss:3  | Gained mutation: You are occasionally teleported next to
                  | monsters. [a neqoxec]
 60263 | Abyss:3  | Reached skill level 15 in Evocations
 60324 | Abyss:3  | Noticed a dread lich
 60343 | Abyss:3  | Killed a dread lich
 60383 | Abyss:3  | Noticed a bone dragon
 60395 | Abyss:3  | Found a corrupted altar of Lugonu.
 60395 | Abyss:3  | Found a corrupted altar of Lugonu.
 60395 | Abyss:3  | Found a corrupted altar of Lugonu.
 60574 | Abyss:3  | Gained mutation: Your spells are a little easier to cast,
                  | but a little less powerful. [a cacodemon]
 60672 | Vaults:4 | Escaped the Abyss
 60683 | Vaults:4 | Received a gift from Trog
 60876 | Vaults:4 | Paralysed by a formless jellyfish for 1 turns
 61012 | Vaults:4 | Reached skill level 21 in Fighting
 61151 | Vaults:5 | Entered Level 5 of the Vaults
 61151 | Vaults:5 | Noticed a golden dragon
 61892 | Vaults:5 | Noticed a golden dragon
 62226 | Vaults:5 | Killed a golden dragon
 62227 | Vaults:5 | Reached XP level 21. HP: 87/187 MP: 20/20
 62229 | Vaults:5 | Killed a golden dragon
 62243 | Vaults:5 | Killed from afar by a shadow dragon

Illustrated notes

Levels and vault maps discovered:
D:1:      dpeg_arrival_leaves_temple_mockup, layout_rooms
D:2:      layout_basic, dreamdust_ecumenical_altar_grove,
          chequers_serial_rivers_micro_e, minmay_pentomino_r2, uniq_natasha
D:3:      layout_loops_ring, mainiacjoe_overflow_24_doors, serial_shops, shop,
          grunt_decor_mini_mirrors
D:4:      minmay_opposing_rooms, layout_basic, fedhas_altar_fruit_tree,
          nicolae_nh_ransacked_shop
D:5:      layout_basic, serial_shops, nicolae_shop_peninsula, uniq_ijyb
D:6:      layout_gridville, grunt_temple_overflow_champion_of_chaos,
          nicolae_vehumet_altar_sigil, nicolae_ashenzari_panopticon,
          temple_doors_e, serial_shops, nicolae_shop_just_a_little_nook,
          st_stairs_7, minmay_misc_feat_five
D:7:      layout_rooms, gammafunk_ghost_abyssal_escape, kennysheep_diamond,
          uniq_joseph, uniq_maurice
D:8:      layout_basic, hellmonk_lair_entry_icy, minmay_hollow_rounded_squares
D:9:      layout_basic, serial_shops, nicolae_shop_advertising_works
          [nicolae_subvault_shop_adworks], st_stairs_5, nicolae_stop_n_shop_1
D:10:     minmay_blocky_corners, layout_basic, kennysheep_ying_yang,
          mainiacjoe_overflow_alcove_1, lemuel_tele_altar, zin_treasury,
          uniq_lodul
D:11:     layout_roguey, erik_orc_1, uniq_erica, uniq_psyche, uniq_nergalle
D:12:     layout_roguey, ebering_ghost_disaster_area, uniq_azrael
D:13:     layout_roguey, uniq_frances
D:14:     minmay_the_grid_triangle_9x9_line_8_mashed
          [minmay_the_grid_triangle_9x9_empty,
          minmay_the_grid_triangle_9x9_pentomino_pain,
          minmay_the_grid_triangle_9x9_sparse_checkered,
          minmay_the_grid_triangle_9x9_cache,
          minmay_the_grid_triangle_9x9_thin_v,
          minmay_the_grid_triangle_9x9_corrupted_corridor,
          minmay_the_grid_triangle_9x9_zippers_horizontal,
          minmay_the_grid_triangle_9x9_prize_schism], layout_small_grid,
          hellmonk_vaults_order_and_chaos, serial_co_window_serial,
          co_window_corner_a, co_window_paths_a, co_window_corner_a,
          co_window_paths_a, co_window_paths_b, co_window_of_opportunity_a,
          co_window_paths_b, co_window_corner_ca, co_window_corner_b,
          co_window_broadway_a, co_window_2corner, co_window_corner_b,
          glass_columns_a, hangedman_decor_riveting
D:15:     grunt_enter_depths_magical_seal, layout_stronghold,
          gammafunk_ghost_stat_death, nicolae_tso_swordbearing_angel
Lair:1:   layout_layer_cave, gammafunk_ghost_grave, cheibrodos_lair_lostbears
Lair:2:   layout_hall_layers, grunt_megastairs_5
Lair:3:   layout_cave_pods, minmay_shoals_entry_lonely_mermaid,
          alex1729_snake_entry_snake
Lair:4:   layout_regular_city, slime_entry_1, chequers_serial_rivers_room_a,
          infiniplex_staircase_pool_2, lemuel_fruit_fields, lemuel_fruit_tree
Lair:5:   minmay_lair_end_enchanted_forest, layout_cave_shapes,
          nzn_sisyphean_effort
Shoals:1: nicolae_shoals_mermall, layout_shoals,
          portal_ice_cave_entry_pillars_1, ebering_ghost_davey_jones,
          uniq_roxanne, uniq_louise
Shoals:2: layout_shoals, nicolae_shoals_pincushion_passage, uniq_ilsuiw
Shoals:3: layout_shoals, serial_shops, shop, uniq_polyphemus
Shoals:4: shoals_end_grunt_ice, layout_shoals, shoal_ilsuiw, serial_shops, shop,
          nicolae_shop_back_alley_shop, shop, shop, shop
Snake:1:  gammafunk_sealed_arena, layout_grid_maze, minmay_shop_star
Snake:2:  layout_cave_shapes, serial_shops, nicolae_shop_crystal, uniq_aizul
Snake:3:  nicolae_snake_hallway, layout_layer_cave, uniq_nikola
Snake:4:  grunt_snake_rune_pools, layout_grid_shapes, basic_altar
Orc:1:    layout_caves, mines1_david
Orc:2:    grunt_orc_community_town_hall, layout_caves,
          grunt_orc_community_big_house_1, grunt_orc_community_big_house_1,
          grunt_orc_community_house_2, grunt_orc_community_house_1,
          grunt_orc_community_house_2, grunt_orc_community_house_3,
          grunt_orc_community_house_2
Vaults:1: gammafunk_ghost_fury_of_okawaru, nicolae_vaults_specimen_jars,
          nicolae_vaults_minivaults, nicolae_vaults_network_barrier,
          grunt_vaults_twisty, nicolae_vaults_tetromino_T_2, v_misc_5,
          serial_ice_g, vaults_dpeg_hooks, vaults_room_fours,
          nicolae_vaults_tetromino_Z_1, nicolae_vaults_tetromino_T_1,
          vaults_standard_mumra_x, layout_vaults_omnicross, serial_shops,
          nicolae_shop_gaudy_bauble, nicolae_trove_entry_path_of_doom
Vaults:2: nicolae_vaults_ring_of_whatevers, ontoclasm_vaults_hangar, v_misc_18,
          nicolae_vaults_trapezoid_lopsided_3, minmay_crypt_entry_nasty_monster,
          grunt_vaults_diagonal, v_misc_11, vaults_dpeg_diagonal,
          v_alt_pattern_1, nicolae_vaults_surprise_closet, vaults_dpeg_ring,
          nicolae_vaults_cochlea, layout_vaults_quadrants
Vaults:3: vaults_mumra_minichess_inversion,
          nicolae_vaults_doubleplus_tesselated, ontoclasm_vaults_idyll,
          nicolae_vaults_what_the_h, nicolae_vaults_storage_room_water,
          nicolae_vaults_tetromino_L_1, hangedman_vaults_stitches,
          ontoclasm_vaults_ligature, nicolae_vaults_storage_closets_2,
          layout_vaults_chaotic_city, serial_shops,
          nicolae_shop_tiny_statue_garden, uniq_bai_suzhen, uniq_asterion
Vaults:4: nicolae_vaults_circle_grid_b, ontoclasm_vaults_pinch,
          vaults_room_grid, nicolae_vaults_closet_pinwheel_3, v_misc_23,
          nicolae_vaults_stepped_doors, v_rooms_2, vaults_mumra_minichess,
          v_alt_pattern_3, nicolae_vaults_storage_closets_1,
          hangedman_vaults_hat, grunt_vaults_hallway_long,
          nicolae_vaults_little_squares_5, layout_vaults_omnibox
Vaults:5

Skill      XL: |  1  2  3  4  5  6  7  8  9 10 11 12 13 14 15 16 17 18 19 20 |
---------------+-------------------------------------------------------------+-----
Axes           | 4 5 7 8 10 12 13 15 16 17 18 | 18.0
Fighting       | 4 5 6 7 8 9 11 12 13 14 15 16 17 19 20 21 | 21.4
Armour         | 3 4 5 7 8 10 11 12 14 15 16 18 19 20 | 20.5
Dodging        | 3 5 6 7 8 9 11 12 13 15 16 17 18 | 18.8
Evocations     | 1 2 3 4 5 6 8 9 10 12 13 14 15 | 15.0
Shields        | 3 5 7 8 10 11 13 14 15 16 | 16.2

Action                     |  1- 3 |  4- 6 |  7- 9 | 10-12 | 13-15 | 16-18 | 19-21 || total
---------------------------+-------+-------+-------+-------+-------+-------+-------++-------
  Melee: Hand axe          |    63 |    33 |       |       |       |       |   837 ||   933
         Headbutt          |     7 |    18 |    53 |   157 |   206 |   265 |   344 ||  1050
         Unarmed           |       |     4 |       |       |       |       |       ||     4
         Punch             |       |     1 |       |       |       |       |       ||     1
         Flail             |       |    78 |   291 |   407 |       |       |       ||   776
         Broad axe         |       |       |       |   232 |   888 |  1107 |    85 ||  2312
         Kick              |       |       |       |       |   248 |   401 |   497 ||  1146
         War axe           |       |       |       |       |       |       |   112 ||   112
 Invoke: Berserk           |       |       |     1 |     2 |       |     3 |     1 ||     7
         Trog's Hand       |       |       |       |     1 |     7 |    18 |    12 ||    38
         Brothers in Arms  |       |       |       |       |       |     1 |     1 ||     2
  Evoke: Wand              |       |       |     1 |    12 |    36 |    28 |    35 ||   112
         Lightning rod     |       |       |       |    14 |    10 |    14 |    21 ||    59
         Sack of spiders   |       |       |       |     1 |     3 |     4 |     3 ||    11
         Phial of floods   |       |       |       |     1 |     2 |     1 |     2 ||     6
         Tin of tremorston |       |       |       |       |       |     5 |     4 ||     9
    Use: Scroll            |       |     3 |     4 |     5 |    11 |    13 |     3 ||    39
         Potion            |       |       |       |     1 |     4 |     7 |     9 ||    21
   Stab: Petrified         |       |       |       |       |     4 |     5 |       ||     9
         Distracted        |       |       |       |       |       |     1 |     1 ||     2
         Held in net/web   |       |       |       |       |       |     1 |     1 ||     2
         Confused          |       |       |       |       |       |       |     1 ||     1
 Armour: Animal skin       |    18 |       |       |       |       |       |       ||    18
         Ring mail         |    17 |    21 |       |       |       |       |       ||    38
         Skin              |       |     3 |       |       |       |       |       ||     3
         Scale mail        |       |    48 |    73 |       |    22 |   114 |       ||   257
         Chain mail        |       |       |   122 |   439 |   315 |       |       ||   876
         Plate armour      |       |       |       |       |   235 |   696 |   614 ||  1545
  Dodge: Dodged            |    38 |    55 |    83 |   222 |   280 |   452 |   341 ||  1471
  Block: Kite shield       |       |    11 |   101 |   310 |   490 |  1154 |   983 ||  3049
         Reflection        |       |       |       |       |       |    45 |    41 ||    86
